 Dungeon Crawl Stone Soup version 0.28-a0-1524-ge72afd5fc6 (webtiles) character file.

Game seed: 18384195609625429061

131 psuckher the Sneak (level 5, -3/42 HPs)
             Began as a Barachi Delver on Jan 17, 2022.
             Was an Initiate of Elyvilon.
             Slain by a gnoll (7 damage)
             ... on level 4 of the Dungeon.
             The game lasted 00:05:38 (556 turns).

psuckher the Sneak (Barachi Delver)                  Turns: 556, Time: 00:05:38

Health: -3/42      AC: 10    Str: 15    XL:     5   Next: 14%
Magic:  5/5        EV: 12    Int: 10    God:    Elyvilon [......]
Gold:   52         SH:  0    Dex: 14    Spells: 4/4 levels left

rFire   . . .      SeeInvis .   h - +2 flail (protect)
rCold   . . .      Faith    .   (no shield)
rNeg    . . .      Spirit   .   b - +0 leather armour
rPois   .          Reflect  .   (no helmet)
rElec   .          Harm     .   (no cloak)
rCorr   .          Rampage  .   (no gloves)
Will    .....                   (no boots)
Stlth   +++.......              (no amulet)
HPRegen 0.14/turn               (no ring)
MPRegen 0.09/turn               (no ring)

@: under a protective aura, slow
A: amphibious, slowness 1, strong legs 1, +LOS
a: Hop, Renounce Religion


You were on level 4 of the Dungeon.
You worshipped Elyvilon.
Elyvilon was noncommittal.
You visited 1 branch of the dungeon, and saw 2 of its levels.

You collected 52 gold pieces.

Inventory:

Hand Weapons
 a - a +0 falchion
 h - a +2 flail of protection (weapon)
Armour
 b - a +0 leather armour (worn)
Wands
 g - a wand of digging (6)
 k - a wand of mindburst (12)
Scrolls
 c - a scroll of fog
 d - a scroll of magic mapping
 e - a scroll of fear
 j - a scroll of vulnerability {unknown}
Potions
 f - 2 potions of haste
 i - a potion of invisibility {unknown}
 l - a potion of lignification {unknown}


   Skills:
 + Level 4.1 Fighting
 + Level 2.5 Long Blades
 + Level 2.1 Maces & Flails
 + Level 1.3 Armour
 + Level 2.8 Dodging
 + Level 5.5 Stealth


You had 4 spell levels left.
You didn't know any spells.
Your spell library was empty.

Dungeon Overview and Level Annotations

Branches:
Dungeon (5/15)
 Temple: D:4-7

Altars:
Elyvilon
Okawaru
Uskayaw

Annotations:
D:4 Sigmund


Innate Abilities, Weirdness & Mutations

You are amphibious.
You cover ground slowly.
You can hop short distances.
You have an extended range of vision and can be seen from far away.


Message History

Sigmund shouts!
The ball python hisses angrily.
You hit the gnoll.
Your weapon exudes an aura of protection.
The gnoll is lightly wounded.
The gnoll hits you from afar with a +0 spear.
The gnoll closely misses you.
Sigmund casts a spell.
Sigmund flickers and vanishes!
Deactivating autopickup; reactivate with Ctrl-A.
The gnoll hits you but does no damage. x2
You completely miss the gnoll.
The gnoll is lightly wounded.
The gnoll closely misses you. The gnoll hits you with a +0 club.
You hit the gnoll.
The gnoll is moderately wounded.
The gnoll barely misses you. The gnoll hits you with a +0 whip.
Something hits you.
The gnoll barely misses you. x2; The gnoll hits you with a +0 whip.
There is an open door here.
You closely miss the gnoll. The ball python completely misses you.
The ball python grabs you. The ball python constricts you.
The gnoll barely misses you. The gnoll closely misses you. Something hits you.
The gnoll hits you but does no damage. The ball python barely misses you.
The ball python constricts you. The gnoll hits you but does no damage.
The gnoll hits you with a +0 club.
You sock the gnoll!
You kill the gnoll!
The ball python bites you but does no damage.
The ball python constricts you. The gnoll barely misses you.
Something hits you but does no damage. The gnoll hits you but does no damage.
You escape the ball python's grasp.
The gnoll barely misses you.
You sock the gnoll!
The gnoll is severely wounded.
The gnoll hits you but does no damage. The gnoll hits you with a +0 whip.
You closely miss the gnoll. The gnoll barely misses you.
The gnoll hits you with a +0 whip. Something hits you!
* * * LOW HITPOINT WARNING * * *
The gnoll completely misses you. The gnoll barely misses you.
The gnoll hits you with a +0 whip!
You die...

.'...#.. ..#...+
#...... ......#
#...... ......#
#......#......# ..
#.............#
......#.............#
......#.....gS......#
......#######g#####
............g@)...#
..................#
..................#
..................#
..................#
..................#
##.....##†........#
.....................#
..###...#####..##....#


You could see 3 gnolls and a ball python.

Vanquished Creatures
  A water moccasin skeleton (D:4)
  An iguana (D:4)
  3 gnolls (D:4)
  A howler monkey skeleton (D:4)
  5 orcs (D:4)
  A giant cockroach (D:4)
  2 goblins (D:4)
  3 hobgoblins (D:4)
  A quokka (D:4)
  2 kobolds (D:4)
20 creatures vanquished.

Notes
Turn   | Place    | Note
-------+----------+-------------------------------------------
     0 | D:5      | psuckher the Barachi Delver began the quest for the Orb.
     0 | D:5      | Reached XP level 1. HP: 18/18 MP: 1/1
    79 | D:4      | Reached XP level 2. HP: 20/25 MP: 2/2
   132 | D:4      | Found a hide-covered altar of Uskayaw.
   165 | D:4      | Became a worshipper of Uskayaw the Reveller
   184 | D:4      | Found a white marble altar of Elyvilon.
   189 | D:4      | Fell from the grace of Uskayaw
   189 | D:4      | Became a worshipper of Elyvilon the Healer
   337 | D:4      | Found an iron altar of Okawaru.
   351 | D:4      | Reached XP level 3. HP: 24/30 MP: 3/3
   353 | D:4      | Reached skill level 5 in Stealth
   410 | D:4      | Reached skill level 1 in Maces & Flails
   410 | D:4      | Reached XP level 4. HP: 27/37 MP: 4/4
   429 | D:4      | Reached skill level 1 in Armour
   429 | D:4      | Reached XP level 5. HP: 29/42 MP: 5/5
   546 | D:4      | Noticed Sigmund
   556 | D:4      | Slain by a gnoll

Illustrated notes

Levels and vault maps discovered:
D:4:      layout_rooms, mainiacjoe_overflow_six_doors_small,
          eat_drink_and_be_merry_uskayaw, marbit_many_paths,
          okawaru_altar_gauntlet_db, minmay_crystal_water, chequers_garden,
          kennysheep_generic_room_2, uniq_sigmund
D:5:      layout_basic, gup_sewer_entry_spiral, st_stairs_11

Skill      XL: |  1  2  3  4 |
---------------+-------------+-----
Fighting       | 4 |  4.1
Stealth        | 5 |  5.5
Maces & Flails | 1 2 |  2.1
Armour         | 1 |  1.3
Long Blades    | |  2.5
Dodging        | |  2.8

Action                   |  1- 3 |  4- 6 || total
-------------------------+-------+-------++-------
Melee: Flail             |    43 |    19 ||    62
       Punch             |     1 |       ||     1
 Stab: Sleeping          |     1 |       ||     1
Armor: Leather armour    |    18 |    12 ||    30
Dodge: Dodged            |    34 |    22 ||    56

Table legend: (Time is in decaauts)
 A = Elapsed time spent in this place.
 B = Non-inter-level travel time spent in this place.
 C = Inter-level travel time spent in this place.
 D = Time resting spent in this place.
 E = Time spent auto-exploring this place.
 F = Levels seen in this place.
 G = Mean time per level.
                   A        B        C        D        E       F      G
               +--------+--------+--------+--------+--------+-----+--------+
         Total |    672 |    672 |      0 |      0 |      0 |   2 |  336.0 |
       Dungeon |    672 |    672 |      0 |      0 |      0 |   2 |  336.0 |
               +--------+--------+--------+--------+--------+-----+--------+

Top non-repeatable levels by time:
     D:4: 618 daAuts
     D:5: 53 daAuts
